 Dungeon Crawl Stone Soup version 0.19-a0-1678-g8ce114c (webtiles) character file.

1262 Flanowski the Magician (level 8, -10/46 HPs)
             Began as a High Elf Fire Elementalist on Sept 24, 2016.
             Killed by miscasting Sticky Flame (39 damage)
             ... on level 4 of the Dungeon.
             The game lasted 00:23:10 (6693 turns).

Flanowski the Magician (High Elf Fire Elementalist) Turns: 6693, Time: 00:23:10

Health: -10/46     AC: 11    Str:  7    XL:     8   Next: 27%
Magic:  2/20       EV:  2    Int: 20    God:
Gold:   235        SH:  0    Dex: 17    Spells: 4 memorised, 12 levels left

rFire  . . .     SeeInvis .     k - +1 short sword
rCold  . . .     Gourm    .     d - +1 chain mail "Yjohuos" {rPois rN+}
rNeg   + . .     Faith    .     (no shield)
rPois  +         Spirit   .     (no helmet)
rElec  .         Dismiss  .     (no cloak)
rCorr  +         Reflect  .     (no gloves)
MR     .....     Harm     .     (no boots)
Stlth  ..........               (no amulet)
                                (no ring)
                                a - ring of resist corrosion

@: contaminated, glowing
A: molten scales 1
a: no special abilities


You were on level 4 of the Dungeon.
You were not hungry.

You visited 1 branch of the dungeon, and saw 5 of its levels.
You also visited: Ossuary.

You collected 235 gold pieces.

Inventory:

Hand Weapons
 k - a +1 short sword (weapon)
Armour
 d - the +1 chain mail "Yjohuos" (worn) {rPois rN+}
   (You found it on level 5 of the Dungeon)

   It protects you from poison.
   It protects you from negative energy.
 r - a +0 robe
Jewellery
 a - a ring of resist corrosion (left hand)
 w - a cursed ring of loudness {unknown}
Wands
 m - a wand of iceblast (4/15)
Scrolls
 e - 4 scrolls of remove curse
 i - a scroll of random uselessness {unknown}
 l - 2 scrolls of identify
 p - a scroll of fear {unknown}
 s - a scroll of teleportation
 u - a scroll of recharging
Potions
 f - a potion of might
 g - 2 potions of brilliance
 h - a potion of flight
Books
 b - a book of Flames

   Spells                             Type                      Level
   a - Flame Tongue                   Conjuration/Fire             1
   b - Throw Flame                    Conjuration/Fire             2
   c - Conjure Flame                  Conjuration/Fire             3
   d - Inner Flame                    Hexes/Fire                   3
   e - Sticky Flame                   Conjuration/Fire             4
   f - Fireball                       Conjuration/Fire             5
Comestibles
 j - a slice of pizza
 n - a meat ration
 t - a beef jerky
 v - a royal jelly


   Skills:
 + Level 3.5 Dodging
 - Level 2.1 Stealth
 * Level 7.6 Spellcasting
 + Level 4.3 Conjurations
 * Level 6.5 Fire Magic


You had 12 spell levels left.
You knew the following spells:

 Your Spells              Type           Power        Failure   Level  Hunger
a - Flame Tongue          Conj/Fire      ####.        100%        1    None
b - Throw Flame           Conj/Fire      ####..       100%        2    None
c - Inner Flame           Hex/Fire       ###.....     100%        3    None
d - Sticky Flame          Conj/Fire      ####....     100%        4    ###....


Dungeon Overview and Level Annotations

Branches:
Dungeon (5/15)
 Temple: D:4-7

Altars:
Elyvilon
Okawaru
Sif Muna
Vehumet


Innate Abilities, Weirdness & Mutations

You are partially covered in molten scales. (AC +2)


Message History

Molten scales grow over part of your body.
You climb upwards.
There is a stone staircase leading down here.
Things that are here:
a leather armour; an enchanted short sword The scorpion stings you but does no damage.
Things that are here:
a leather armour x2; a dagger It was a potion of heal wounds.
You feel much better. The scorpion stings you.
Casting: Sticky Flame
Confirm with . or Enter, or press ? or * to list all spells.
The spell is very dangerous to cast!
Continue anyway?
Aiming: Sticky Flame
Press: ? - help, Shift-Dir - straight line, f - scorpion
Aim: a scorpion (heavily wounded, lightly drained)
You miscast Sticky Flame.
There is a sudden explosion of magical energy!
The explosion engulfs you!
Ouch! That really hurt!
You die...

...............## ##....>......
................## #............
.................# #............
.................# ##............
...............#####.............
..............#####[#...........#
##..........#####..###........###
##.......### ##.s## #.......## #
####.#..## ##.@### ####..### ##
####..###..##.# ####
.#######...........#
...##..[.#.........#
......###..........#
....####...........# ....#
#...........# ....# #..........##
#### ....# #..........# ##...


You could see a scorpion.

Vanquished Creatures
  Sigmund (D:2)
  A sky beast (D:4)
  A phantom (D:4)
  A centaur (D:5)
  2 elf zombies (Ossuary)
  A killer bee (D:4)
  2 centaur zombies (Ossuary)
  A hound (D:5)
  2 human zombies (Ossuary)
  An orc priest (D:4)
  6 orc wizards
  Terence (D:2)
  An iguana (D:5)
  2 worker ants (D:4)
  3 mummies
  7 adders
  An ooze (D:4)
  An adder skeleton (D:4)
  5 worms
  2 leopard geckos (D:2)
  21 orcs
  4 giant cockroaches
  3 goblins (D:1)
  9 hobgoblins
  8 jackals
  7 kobolds
  2 quokkas (D:3)
  A ball python (D:3)
  8 bats
  9 frilled lizards
  A jackal skeleton (D:4)
  A leopard gecko zombie (D:5)
  5 rats
121 creatures vanquished.

Notes
Turn   | Place    | Note
-------+----------+-------------------------------------------
     0 | D:1      | Flanowski the High Elf Fire Elementalist began the quest for the Orb.
     0 | D:1      | Reached XP level 1. HP: 11/11 MP: 4/4
   325 | D:1      | Reached XP level 2. HP: 16/17 MP: 2/6
   617 | D:1      | Found a radiant altar of Vehumet.
   715 | D:2      | Reached skill level 3 in Spellcasting
   831 | D:2      | Reached XP level 3. HP: 21/21 MP: 5/8
   890 | D:2      | Noticed Sigmund
  1312 | D:2      | Killed Sigmund
  1312 | D:2      | Reached skill level 4 in Spellcasting
  1312 | D:2      | Reached XP level 4. HP: 5/27 MP: 0/11
  1312 | D:2      | Reached XP level 5. HP: 5/31 MP: 0/12
  1653 | D:2      | Noticed Terence
  1675 | D:2      | Killed Terence
  2211 | D:2      | Found an iron altar of Okawaru.
  2407 | D:3      | Learned a level 2 spell: Throw Flame
  2418 | D:3      | Reached XP level 6. HP: 32/36 MP: 8/14
  2677 | D:3      | Reached skill level 5 in Spellcasting
  2711 | D:3      | Found a deep blue altar of Sif Muna.
  3450 | D:4      | Reached skill level 5 in Fire Magic
  3956 | D:4      | Reached XP level 7. HP: 41/41 MP: 11/16
  3961 | D:4      | Reached skill level 6 in Spellcasting
  5035 | D:4      | Learned a level 3 spell: Inner Flame
  5040 | D:4      | Learned a level 4 spell: Sticky Flame
  5253 | D:5      | Entered Level 5 of the Dungeon
  5306 | D:5      | Found a white marble altar of Elyvilon.
  5549 | D:5      | Reached skill level 7 in Spellcasting
  5567 | D:5      | Found a sand-covered staircase.
  5607 | Ossuary  | Entered an ossuary
  5622 | Ossuary  | Reached XP level 8. HP: 41/46 MP: 10/19
  6434 | D:5      | Got a faintly glowing chain mail
  6642 | D:5      | Identified the +1 chain mail "Yjohuos" {rPois rN+} (You found it on level 5 of the Dungeon)
  6680 | D:5      | Gained mutation: You are partially covered in molten scales. (AC +2) [mutagenic glow]
  6693 | D:4      | Killed by miscasting Sticky Flame

Vault maps used:
D:1:      dpeg_arrival_lava_altar
D:2:      lemuel_round_altar, uniq_terence, uniq_sigmund
D:3:      first_bread, led_sif_book
D:4:      minmay_small_thing
D:5:      grunt_temple_overflow_open, gup_ossuary_entry_pyramid, serial_shops,
          kennysheep_mini
Ossuary:  ossuary_minmay_four_chambers

Skill      XL: |  1  2  3  4  5  6  7 |
---------------+----------------------+-----
Spellcasting   | 3 4 5 7 |  7.6
Conjurations   | 2 3 4 |  4.3
Fire Magic     | 4 5 6 |  6.5
Dodging        | 3 |  3.5
Stealth        | |  2.1

Action                   |  1- 3 |  4- 6 |  7- 9 || total
-------------------------+-------+-------+-------++-------
Melee: Unarmed           |    36 |       |       ||    36
       Short sword       |       |     5 |   109 ||   114
 Cast: Flame Tongue      |    44 |   145 |   138 ||   327
       Throw Flame       |       |       |    10 ||    10
       Inner Flame       |       |       |     2 ||     2
       Sticky Flame      |       |       |     1 ||     1
  Use: Scroll            |     2 |     7 |       ||     9
       Potion            |       |       |     8 ||     8
  Eat: Meat ration       |     1 |       |       ||     1
       Chunk             |       |     2 |     3 ||     5
       Bread ration      |       |     1 |     1 ||     2
Armor: Robe              |     1 |     5 |    15 ||    21
       Ring mail         |    16 |       |       ||    16
       Chain mail        |       |       |     8 ||     8
Dodge: Dodged            |    34 |    49 |   108 ||   191
